Map: 얼어붙은 사원

Players

cyan - Winner!

  • Race: Protoss Protoss
  • League: Grandmaster

llllllllllll (Scarlett)

  • Race: Zerg Zerg
  • League: Grandmaster

VOD

Have the link to the VOD?

Description

Time

  • Played on: April 13, 2016, 4:42 a.m.
  • Length: 21:49
Show
View Real Time Build Order
Export as new Build Order

cyan Protoss - Winner!

Build Orders: 1 Gate Expand 

Get SALT Encoding   

  12  0:01  Probe (Chrono Boost)  
  13  0:11  Probe (Chrono Boost)  
  14  0:19  Pylon  
  14  0:22  Probe (Chrono Boost)  
  15  0:37  Probe (Chrono Boost)  
  15  0:39  Gateway  
  16  0:47  Assimilator  
  16  0:48  Probe (Chrono Boost)  
  17  0:58  Probe (Chrono Boost)  
  18  1:09  Probe (Chrono Boost)  
  19  1:21  Nexus  
  19  1:24  Probe (Chrono Boost)  
  20  1:34  Cybernetics Core  
  20  1:37  Probe (Chrono Boost)  
  21  1:42  Assimilator  
  21  1:48  Probe (Chrono Boost)  
  22  1:55  Pylon  
  22  1:58  Probe (Chrono Boost)  
  23  2:10  Warp Gate (Chrono Boost)  
  23  2:13  Adept (Chrono Boost), Probe  
  26  2:27  Mothership Core  
  28  2:31  Probe  
  29  2:37  Stalker  
  29  2:42  Probe  
  32  2:48  Probe  
  33  2:52  Probe  
  34  3:00  Probe  
  34  3:02  Gateway  
  34  3:03  Probe  
  36  3:06  Gateway  
  36  3:11  Adept  
  36  3:12  Probe  
  39  3:13  Probe  
  39  3:17  Pylon  
  40  3:24  Probe x2  
  42  3:34  Probe  
  42  3:36  Probe  
  44  3:45  Pylon, Probe (Chrono Boost)  
  45  3:48  Probe (Chrono Boost)  
  45  3:53  Stargate  
  46  3:57  Pylon, Probe (Chrono Boost)  
  46  3:59  Assimilator  
  46  4:00  Probe (Chrono Boost)  
  46  4:01  Adept x2  
  46  4:02  Adept  
  54  4:08  Probe (Chrono Boost)  
  55  4:12  Probe (Chrono Boost)  
  55  4:13  Forge  
  56  4:18  Probe (Chrono Boost)  
  56  4:21  Adept x2  
  56  4:23  Adept  
  63  4:26  Probe (Chrono Boost)  
  63  4:30  Assimilator  
  65  4:31  Probe (Chrono Boost)  
  65  4:37  Phoenix (Chrono Boost), Pylon, Probe (Chrono Boost)  
  66  4:42  Probe  
  69  4:46  Protoss Ground Weapons Level 1 (Chrono Boost)  
  69  4:48  Probe  
  70  4:55  Probe  
  63  5:00  Probe  
  63  5:02  Phoenix  
  62  5:07  Probe  
  62  5:09  Adept  
  62  5:10  Adept x2  
  65  5:18  Probe  
  65  5:20  Pylon  
  66  5:23  Phoenix  
  68  5:30  Zealot x3  
  74  5:38  Probe  
  75  5:45  Phoenix  
  75  5:47  Pylon  
  77  5:52  Nexus  
  77  5:54  Pylon  
  77  5:58  Pylon  
  77  6:00  Probe  
  77  6:01  Probe  
  77  6:03  Twilight Council  
  79  6:06  Zealot  
  79  6:07  Zealot  
  79  6:08  Sentry  
  79  6:11  Phoenix  
  85  6:13  Probe  
  85  6:15  Probe  
  89  6:25  Probe  
  82  6:27  Probe  
  82  6:29  Protoss Ground Weapons Level 2 (Chrono Boost), Zealot x2  
  82  6:35  Phoenix  
  82  6:37  Probe  
  86  6:40  Probe, Charge (Chrono Boost)  
  86  6:47  Sentry  
  86  6:49  Sentry, Probe  
  86  6:52  Probe  
  92  7:01  Probe  
  93  7:03  Robotics Facility  
  93  7:04  Probe  
  93  7:07  Phoenix, Probe, Robotics Facility  
  95  7:15  Pylon  
  95  7:22  Assimilator  
  95  7:24  Assimilator  
  95  7:25  Zealot  
  95  7:26  Gateway  
  95  7:29  Pylon  
  97  7:35  Gateway  
  97  7:40  Probe  
  97  7:42  Probe x2, Gateway  
  97  7:44  Pylon  
  100  7:47  Pylon  
  100  7:51  Pylon, Immortal (Chrono Boost)  
  104  7:54  Probe  
  104  7:57  Immortal (Chrono Boost)  
  109  8:03  Templar Archives  
  109  8:05  Gateway  
  109  8:09  Gateway  
  109  8:23  Zealot x2  
  109  8:24  Zealot  
  109  8:26  Observer (Chrono Boost)  
  116  8:31  Warp Prism (Chrono Boost)  
  116  8:33  Pylon  
  118  8:38  Zealot  
  118  8:40  Zealot  
  122  8:45  Immortal (Chrono Boost)  
  122  8:46  Zealot x3  
  132  9:00  High Templar  
  132  9:01  High Templar x2  
  138  9:03  Probe, Protoss Ground Weapons Level 3  
  138  9:06  Archon  
  139  9:14  Immortal (Chrono Boost)  
  143  9:19  Pylon, Nexus, Immortal (Chrono Boost), High Templar x3  
  143  9:20  Zealot  
  143  9:21  Zealot  
  143  9:22  Pylon  
  157  9:26  Pylon  
  157  9:28  Archon  
  155  9:33  Pylon, Photon Cannon, Zealot  
  155  9:36  Archon  
  156  9:41  High Templar x2  
  160  9:46  Archon, Zealot  
  160  9:47  Zealot  
  160  9:52  Immortal (Chrono Boost)  
  168  9:54  Immortal (Chrono Boost)  
  168  9:58  Zealot x2  
  176  10:14  High Templar  
  176  10:15  High Templar, Zealot x3  
  176  10:19  Archon  
  186  10:26  Immortal (Chrono Boost)  
  186  10:33  Zealot x3  
  192  10:37  Zealot x3  
  192  10:41  Phoenix  
  139  11:05  Immortal (Chrono Boost)  
  139  11:06  Phoenix  
  139  11:11  Zealot x6, Immortal (Chrono Boost)  
  137  11:26  Dark Shrine  
  137  11:27  Probe  
  137  11:31  Stargate  
  134  11:37  Stargate, Void Ray  
  134  11:39  Immortal (Chrono Boost)  
  140  11:46  Zealot  
  140  11:47  Zealot x2  
  140  11:53  Protoss Ground Armor Level 1  
  142  11:59  Zealot x4  
  142  12:00  Zealot  
  148  12:07  Assimilator  
  138  12:09  Assimilator, Warp Prism (Chrono Boost)  
  138  12:16  High Templar x4  
  138  12:20  Archon  
  138  12:22  Archon, Warp Prism (Chrono Boost)  
  146  12:23  Void Ray (Chrono Boost)  
  146  12:27  Blink (Chrono Boost)  
  146  12:37  Photon Cannon  
  146  12:38  Photon Cannon  
  146  12:40  Void Ray (Chrono Boost)  
  150  12:50  Void Ray (Chrono Boost)  
  154  12:54  High Templar  
  154  12:55  High Templar  
  158  12:59  Probe  
  158  13:03  Probe  
  158  13:04  Probe x2  
  157  13:10  Archon  
  155  13:18  Void Ray (Chrono Boost)  
  159  13:20  Protoss Air Weapons Level 1  
  159  13:26  Immortal  
  167  13:27  Void Ray (Chrono Boost)  
  167  13:30  Immortal  
  171  13:37  Protoss Ground Armor Level 2  
  171  13:47  Dark Templar x3  
  171  13:48  Dark Templar  
  169  14:05  Warp Prism  
  169  14:09  Void Ray (Chrono Boost)  
  177  14:13  Observer  
  177  14:14  Void Ray (Chrono Boost)  
  171  14:31  High Templar  
  171  14:32  High Templar  
  171  14:35  Observer  
  176  14:38  Archon  
  176  14:40  Pylon, Nexus, Stalker x3  
  176  14:41  Observer  
  176  14:42  Pylon  
  162  14:53  Probe  
  162  14:56  Observer  
  162  14:57  Probe  
  165  15:04  Observer  
  166  15:10  High Templar x2, Zealot  
  166  15:11  Zealot x5  
  182  15:15  Archon  
  178  15:35  Zealot  
  178  15:36  Zealot x5  
  190  15:44  Observer x2  
  190  15:48  Psionic Storm  
  192  15:53  Dark Templar x2  
  138  16:24  Void Ray (Chrono Boost)  
  118  16:29  Dark Templar x3, Void Ray (Chrono Boost)  
  122  16:44  Immortal x2  
  130  16:50  Dark Templar  
  132  16:57  Dark Templar  
  122  17:06  Zealot x2  
  112  17:15  Zealot  
  114  17:31  Archon x2  
  114  17:33  Dark Templar  
  116  17:46  Archon  
  116  17:57  Archon, Stalker x2  
  116  17:58  Stalker  
  122  18:01  Zealot  
  124  18:08  Dark Templar  
  81  19:16  Dark Templar x2  
  81  19:17  Dark Templar  
  82  20:05  High Templar x2, Zealot  
  82  20:06  Zealot x2  
  88  20:07  Nexus  
  88  20:10  Archon  
  87  20:37  Nexus  
  87  20:38  Pylon  
  87  20:40  Pylon  
  87  20:51  Pylon  
  87  20:52  Pylon  
  87  21:24  Forge  
  87  21:25  Gateway  
  87  21:32  Archon  
  79  21:43  Dark Templar  
  79  21:44  Dark Templar x3  
Show
View Real Time Build Order
Export as new Build Order

llllllllllll Zerg 

Build Orders: Pool First 

Get SALT Encoding   

  12  0:01  Drone  
  13  0:08  Drone  
  14  0:18  Overlord  
  14  0:22  Extractor  
  14  0:23  Drone  
  15  0:37  Drone x2  
  17  0:55  Extractor  
  17  0:56  Spawning Pool  
  16  0:57  Drone  
  16  0:58  Drone  
  17  1:06  Drone  
  18  1:18  Hatchery  
  17  1:28  Drone  
  18  1:34  Drone  
  19  1:44  Queen  
  19  1:45  Zergling x2  
  22  2:00  Overlord  
  22  2:15  Metabolic Boost  
  22  2:16  Hatchery  
  22  2:19  Drone  
  22  2:25  Drone x2  
  24  2:35  Queen  
  26  2:39  Drone  
  27  2:50  Drone x2  
  28  2:55  Zergling x8  
  28  2:57  Drone  
  33  3:06  Drone x2  
  35  3:20  Pneumatized Carapace  
  35  3:23  Overlord  
  35  3:24  Overlord  
  35  3:32  Overlord x2  
  34  3:42  Drone  
  34  3:43  Drone x3  
  34  3:44  Queen  
  40  3:49  Overlord  
  40  3:52  Drone  
  40  3:53  Drone x3  
  43  3:59  Evolution Chamber  
  42  4:04  Overlord, Drone x2  
  44  4:11  Zergling x8  
  48  4:22  Baneling Nest  
  48  4:24  Zergling x4  
  48  4:27  Drone  
  48  4:28  Drone x3  
  53  4:34  Zerg Melee Weapons Level 1  
  53  4:37  Zergling x2  
  53  4:38  Zergling x8  
  58  4:45  Zergling x8  
  57  5:02  Drone  
  57  5:03  Drone x3  
  57  5:11  Drone x5  
  57  5:12  Drone x4  
  64  5:24  Overlord, Lair  
  64  5:28  Extractor  
  63  5:29  Queen  
  63  5:30  Queen  
  67  5:36  Overlord, Drone  
  67  5:41  Overlord, Drone x4  
  72  5:53  Overlord, Drone x2  
  72  5:56  Spore Crawler  
  73  6:00  Baneling x6  
  73  6:02  Overlord  
  73  6:03  Drone x3  
  76  6:06  Queen  
  76  6:07  Spore Crawler  
  76  6:18  Drone  
  76  6:19  Drone x6  
  77  6:29  Drone x3  
  77  6:33  Zerg Melee Weapons Level 2  
  77  6:37  Extractor  
  77  6:38  Evolution Chamber  
  77  6:39  Extractor  
  74  6:40  Extractor  
  74  6:41  Extractor  
  74  6:42  Drone x7  
  74  6:46  Infestation Pit  
  78  6:48  Spore Crawler  
  78  6:50  Hatchery  
  76  6:58  Queen  
  76  7:00  Drone x5  
  81  7:10  Drone x2  
  81  7:11  Drone x3  
  81  7:12  Drone  
  81  7:13  Drone x4  
  91  7:24  Spore Crawler  
  91  7:28  Zergling x6  
  93  7:35  Zergling x10  
  98  7:39  Hive  
  98  7:41  Zerg Ground Armor Level 1  
  98  7:42  Zergling x14  
  98  7:43  Spire  
  104  8:06  Drone x3  
  104  8:07  Overlord x6, Drone x4  
  108  8:24  Zergling x2  
  108  8:25  Zergling x14  
  115  8:32  Zergling x2  
  116  8:39  Zergling x12  
  121  8:53  Drone x2  
  121  8:54  Hatchery  
  117  8:56  Drone x3  
  117  8:57  Drone x3  
  117  8:59  Greater Spire  
  117  9:00  Extractor, Ultralisk Cavern  
  117  9:01  Drone x5  
  123  9:04  Spore Crawler  
  123  9:06  Extractor  
  121  9:11  Overlord x2  
  121  9:12  Overlord x2  
  121  9:13  Adrenal Glands, Drone x3  
  121  9:15  Zerg Melee Weapons Level 3  
  123  9:21  Centrifical Hooks  
  123  9:22  Corruptor x6  
  131  9:42  Queen x4  
  135  9:48  Spine Crawler  
  135  9:52  Spine Crawler  
  133  9:54  Spine Crawler  
  133  9:55  Spine Crawler, Corruptor x2  
  133  9:57  Spine Crawler x2  
  134  10:12  Brood Lord x4  
  134  10:13  Brood Lord  
  144  10:14  Brood Lord  
  144  10:18  Zergling x2  
  144  10:19  Zergling x14  
  145  10:30  Brood Lord  
  145  10:31  Brood Lord  
  145  10:32  Zergling x2  
  145  10:33  Zergling x12  
  152  10:42  Zergling x16  
  125  10:56  Corruptor x3  
  98  11:05  Zergling x2  
  98  11:06  Zergling x12  
  94  11:15  Corruptor x3  
  94  11:21  Drone x2  
  94  11:23  Drone x4  
  96  11:29  Corruptor  
  96  11:31  Drone  
  95  11:38  Queen  
  95  11:47  Zerg Ground Armor Level 2  
  94  11:50  Ultralisk Cavern  
  94  11:52  Drone x3  
  91  11:55  Zergling x8  
  89  12:07  Hatchery  
  88  12:14  Brood Lord x2  
  92  12:25  Drone x4  
  92  12:26  Drone x4  
  100  12:33  Zergling x2  
  100  12:37  Baneling x5  
  101  12:39  Chitinous Plating  
  101  12:45  Ultralisk  
  101  12:48  Ultralisk  
  113  12:51  Zergling x2  
  113  12:52  Zergling x2  
  113  12:54  Drone x2  
  117  13:05  Ultralisk, Zergling x4  
  122  13:15  Queen x2  
  126  13:26  Ultralisk  
  132  13:38  Overseer  
  132  13:49  Spore Crawler  
  132  13:52  Zergling x24  
  132  13:53  Queen  
  145  14:02  Queen  
  145  14:04  Ultralisk  
  145  14:05  Ultralisk  
  159  14:12  Ultralisk  
  165  14:24  Ultralisk  
  171  14:28  Baneling x11  
  171  14:33  Queen  
  171  14:35  Pathogen Glands  
  167  14:53  Viper x3  
  176  15:00  Viper  
  176  15:05  Queen  
  176  15:06  Viper  
  185  15:14  Zergling x20  
  185  15:15  Zergling x2  
  185  15:17  Baneling  
  185  15:18  Hatchery, Baneling x4  
  194  15:39  Overlord  
  194  15:49  Zerg Missile Weapons Level 1  
  194  15:50  Zerg Ground Armor Level 3  
  194  15:54  Overseer x3  
  187  15:58  Zergling x20  
  195  16:08  Baneling  
  115  16:22  Zergling x2  
  115  16:23  Zergling x28  
  101  16:39  Viper  
  101  16:40  Viper x4  
  116  16:55  Zergling x12  
  121  17:05  Viper x2  
  121  17:08  Zergling x6  
  97  17:26  Queen x2  
  92  17:31  Zergling x8  
  92  17:33  Overseer x2  
  92  17:35  Overseer x2  
  91  17:40  Zergling x4  
  90  18:01  Hatchery  
  88  18:19  Zergling x6  
  93  18:20  Zergling x6  
  56  19:12  Queen  
  56  19:13  Zergling x4  
  60  19:23  Viper x2  
  64  19:52  Viper  
  64  20:30  Zergling x6  
  62  21:11  Overseer  
Tags
 
Add a new tag
Caveats
  • Supply blocks, unpowered buildings, or Contaminate may cause inaccurate times.
  • Supply counts are checked every 10 seconds.